 Dungeon Crawl Stone Soup version 0.30-a0-918-g0ff054e9dc (webtiles) character file.

Game seed: 118501618895470425

0 DeathPants the Trooper (level 1, -2/19 HPs)
             Began as a Ghoul Monk on Mar 20, 2023.
             Slain by a goblin
             ... wielding a +0 dagger
             ... led by Robin
              (5 damage)
             ... on level 1 of the Dungeon.
             The game lasted 00:00:55 (38 turns).

DeathPants the Trooper (Ghoul Monk)                   Turns: 38, Time: 00:00:56

Health: -2/19      AC:  2    Str: 14    XL:     1   Next: 10%
Magic:  0/0        EV: 12    Int:  5    God:
Gold:   13         SH:  0    Dex: 11    Spells: 0/0 levels left

rFire   . . .      SeeInvis .    a - +0 hand axe
rCold   + . .      Faith    .    (no shield)
rNeg    + + +      Spirit   .    b - +0 robe
rPois   ∞          Reflect  .    (no helmet)
rElec   .          Rampage  .    (no cloak)
rCorr   .                        (no gloves)
Will    .....                    (no boots)
Stlth   ++                       (no amulet)
HPRegen 0.00/turn                (no ring)
MPRegen 0.07/turn                (no ring)

@: inhibited regen
A: claws 1, cold resistance 1, negative energy resistance 3, inhibited
regeneration, torment resistance 2, devour on kill
a: no special abilities


You were on level 1 of the Dungeon.
You visited 1 branch of the dungeon, and saw 2 of its levels.

You collected 13 gold pieces.

Inventory:

Hand Weapons
 a - a +0 hand axe (weapon)
Armour
 b - a +0 robe (worn)
Potions
 c - a potion of ambrosia


   Skills:
 + Level 3.3 Fighting
 * Level 2.7 Axes
 + Level 0.0 Armour
 - Level 2.6 Dodging
 - Level 2.1 Stealth


You couldn't memorise any spells.
You didn't know any spells.
Your spell library was empty.

Dungeon Overview and Level Annotations

Branches:
Dungeon (2/15)

Altars:

Annotations:
D:1 Robin


Innate Abilities, Weirdness & Mutations

You are immune to poison.
You have sharp fingernails.
Your flesh is cold resistant. (rC+)
You are immune to negative energy. (rN+++)
You do not regenerate when monsters are visible.
You are immune to unholy pain and torment.
You thrive by killing the living.


Message History

Welcome, DeathPants the Ghoul Monk.
Will you prevail where others failed? Will you find the Orb of Zot?
Press ? for a list of commands and other information.
Found 13 gold pieces.
Found a staircase leading out of the dungeon.
You now have 13 gold pieces.
You open the door.
There is an open door here.
A bat comes into view.
The bat closely misses you. The bat barely misses you.
You barely miss the bat. The bat hits you.
You hit the bat.
You kill the bat!
You feel better.
Found a stone staircase leading down.
Found a silvery potion.
There is a stone staircase leading down here.
You climb downwards.
The hobgoblin shouts!
The goblin shouts! x6; The hobgoblin shouts!
The goblin shouts!
Found 16 gold pieces.
Found a stone staircase leading up.
There is a stone staircase leading up here.
The goblin misses you. The goblin closely misses you.
The goblin hits you with a +0 club.
Robin roars a battlecry!
The goblins go into a battle-frenzy!
You climb upwards.
There is a stone staircase leading down here.
The goblin attacks as you move away! The goblin barely misses you.
The goblin hits you with a +0 dagger. The goblin hits you with a +0 club.
The goblin hits you with a +0 dagger.
* * * LOW HITPOINT WARNING * * *
Robin throws the goblin at you!
* * * LOW HITPOINT WARNING * * *
The goblin attacks as you move away! The goblin closely misses you.
The goblin hits you with a +0 dagger.
You die...

#######
#..g..# #
#.g...# #.
#g.g..#
##.##.g@..#
.!........#
##........#
...##.....#
..#.
#.....# # #
#.....#
#.....##
####...#
###.##


You could see Robin and 4 goblins.

Vanquished Creatures
  A bat (D:1)
1 creature vanquished.

Notes
Turn   | Place    | Note
-------+----------+-------------------------------------------
     0 | D:1      | DeathPants the Ghoul Monk began the quest for the Orb.
     0 | D:1      | Reached XP level 1. HP: 19/19 MP: 0/0
    34 | D:2      | Noticed Robin
    38 | D:1      | Slain by a goblin

Illustrated notes

Levels and vault maps discovered:
D:1:      mrwooster_arrival_statue_3, layout_rooms, minmay_rat_gold_closets
D:2:      minmay_skewed_foursquare, layout_rooms, serial_bayou,
          serial_bayou_lagoon_a, serial_bayou_pond_a, serial_bayou_lagoon_b,
          serial_bayou_crossing, serial_bayou_ford_a, uniq_robin, uniq_terence

Action                     || total
---------------------------++-------
  Melee: Hand axe          ||     2
  Dodge: Dodged            ||     6

Table legend: (Time is in decaauts)
 A = Elapsed time spent in this place.
 B = Non-inter-level travel time spent in this place.
 C = Inter-level travel time spent in this place.
 D = Time resting spent in this place.
 E = Time spent auto-exploring this place.
 F = Levels seen in this place.
 G = Mean time per level.
                   A        B        C        D        E       F      G
               +--------+--------+--------+--------+--------+-----+--------+
         Total |     38 |     38 |      0 |      0 |     12 |   2 |   19.0 |
       Dungeon |     38 |     38 |      0 |      0 |     12 |   2 |   19.0 |
               +--------+--------+--------+--------+--------+-----+--------+

Top non-repeatable levels by time:
     D:1: 36 daAuts
     D:2: 1 daAuts
